 Dungeon Crawl Stone Soup version 0.18.1-8-gdd0e5ea (webtiles) character file.

208 Gargoyl the Skirmisher (level 5, 0/42 HPs)
             Began as a Demonspawn Abyssal Knight on May 26, 2016.
             Was a Priest of Lugonu.
             Succumbed to an adder's poison
             ... on level 3 of the Dungeon.
             The game lasted 00:05:41 (2093 turns).

Gargoyl the Skirmisher (Demonspawn Abyssal Knight)  Turns: 2093, Time: 00:05:42

Health: 0/42       AC: 13    Str: 12 (15) XL:     5   Next: 55%
Magic:  7/7        EV:  5    Int: 18 (19) God:    Lugonu [***...]
Gold:   152        SH:  0    Dex:  9 (12) Spells: 0 memorised, 4 levels left

rFire  . . .     SeeInvis .     a - +1 hand axe
rCold  . . .     Gourm    .     e - +0 chain mail
rNeg   . . .     Faith    .     (no shield)
rPois  .         Spirit   .     (helmet restricted)
rElec  .         Dismiss  .     (no cloak)
rCorr  .         Reflect  .     x - +0 pair of gloves
SustAt .         Harm     .     (no boots)
MR     .....                    (no amulet)
Stlth  ..........               s - +2 ring of slaying
                                (no ring)

@: brilliant, lethally poisoned (0 -> -7), flying, very slightly contaminated,
hasted, invisible, very quick, not resistant to hostile enchantments, extremely
unstealthy
A: antennae 2, slimy green scales 2, strong 1
a: Depart the Abyss, Bend Space, Banish, Renounce Religion


You were on level 3 of the Dungeon.
You worshipped Lugonu.
Lugonu was most pleased with you.
You were hungry.

You visited 1 branch of the dungeon, and saw 3 of its levels.
You visited the Abyss 1 time.

You collected 152 gold pieces.

Inventory:

Hand Weapons
 a - a +1 hand axe (weapon)
Armour
 e - a +0 chain mail (worn)
 x - a +0 pair of gloves (worn)
Jewellery
 q - an uncursed ring of magical power
 s - a +2 ring of slaying (right hand)
 w - an uncursed ring of fire
Scrolls
 b - 2 scrolls of teleportation
 i - a scroll of remove curse
 j - a scroll of immolation
 k - a scroll of recharging {unknown}
 m - a scroll of noise {unknown}
 o - a scroll of amnesia {unknown}
 r - a scroll of identify {unknown}
 v - a scroll of enchant armour {unknown}
 y - a scroll of enchant weapon {unknown}
Potions
 l - a potion of degeneration
 t - a potion of haste
Comestibles
 c - 2 bread rations
 g - 4 beef jerkies
 u - a slice of pizza


   Skills:
 + Level 4.2 Fighting
 + Level 2.8 Axes
 * Level 3.5 Armour
 + Level 1.4 Dodging
 + Level 2.8 Invocations


You had 4 spell levels left.
You didn't know any spells.

Dungeon Overview and Level Annotations

Branches:
Dungeon (3/15)

Altars:
Makhleb


Innate Abilities, Weirdness & Mutations

You have a pair of antennae on your head.
You are mostly covered in slimy green scales (AC +3).
Your muscles are strong. (Str +2)


Message History

The hobgoblin hits you but does no damage.
Drink which item? (? for menu, Esc to quit)
It was a potion of flight.
You feel very buoyant.
You fly up into the air.
The adder bites you but does no damage.
Drink which item? (? for menu, Esc to quit)
It was a potion of brilliance.
You feel clever all of a sudden.
* * * LOW HITPOINT WARNING * * *
You feel sick. The adder bites you.
* * * LOW HITPOINT WARNING * * *
The hobgoblin hits you but does no damage.
Drink which item? (? for menu, Esc to quit)
It was a potion of invisibility.
You fade into invisibility!
The adder barely misses you.
You closely miss the hobgoblin.
The hobgoblin is lightly wounded.
You miss the adder.
You die...

#.......>..<..#
##...(.#####†# ##.##.#
#.# { ##.#.# #.# ##
#.#.# ##.## ##.# ##.#.#
#...# #.#...##
##.##.####...##
#....sS###.....##.......
##.#.##@g.###.###.....).
# #.................
#[.(..(>####....##
.!.......# #....#
###..####.$.).....# #..#
..###..### .... ......
..... ####.


You could see an adder, a giant cockroach and a hobgoblin.

Vanquished Creatures
  A scorpion (D:3)
  A crimson imp (D:2)
  Robin (D:3)
  3 adders
  A worm (D:1)
  2 dart slugs (D:1)
  4 giant geckos
  3 orcs (D:3)
  4 giant cockroaches
  9 goblins
  10 hobgoblins
  7 jackals (D:1)
  7 kobolds
  2 ball pythons
  11 bats
  4 giant newts
  5 rats
75 creatures vanquished.

Vanquished Creatures (others)
  A rat (D:1)
1 creature vanquished.

Grand Total: 76 creatures vanquished

Notes
Turn   | Place    | Note
--------------------------------------------------------------
     0 | Abyss:1  | Gargoyl the Demonspawn Abyssal Knight began the quest for the Orb.
     0 | Abyss:1  | Reached XP level 1. HP: 18/18 MP: 2/2
     9 | Abyss:1  | Found a corrupted altar of Lugonu.
    30 | Abyss:1  | Found a shadowy altar of Dithmenos.
    73 | Abyss:1  | Noticed a tentacled starspawn
    73 | Abyss:1  | Noticed a hellwing
    73 | Abyss:1  | Noticed a thrashing horror
    74 | D:1      | Escaped the Abyss
   117 | D:1      | Reached * piety under Lugonu
   193 | D:1      | Gained mutation: You are partially covered in slimy green scales (AC +2). [demonic ancestry]
   193 | D:1      | Reached XP level 2. HP: 22/24 MP: 3/3
   766 | D:1      | Reached skill level 1 in Dodging
   766 | D:1      | Gained mutation: You are mostly covered in slimy green scales (AC +3). [demonic ancestry]
   766 | D:1      | Reached XP level 3. HP: 24/29 MP: 5/5
   910 | D:2      | Reached ** piety under Lugonu
  1475 | D:2      | Gained mutation: You have a pair of small antennae on your head. [demonic ancestry]
  1475 | D:2      | Reached XP level 4. HP: 25/37 MP: 6/6
  1799 | D:2      | Found a burning altar of Makhleb.
  1817 | D:2      | Reached skill level 4 in Fighting
  2025 | D:3      | Noticed Robin
  2041 | D:3      | Gained mutation: You have a pair of antennae on your head. [demonic ancestry]
  2041 | D:3      | Reached XP level 5. HP: 14/42 MP: 7/7
  2050 | D:3      | Killed Robin
  2075 | D:3      | Reached *** piety under Lugonu
  2084 | D:3      | HP: 2/42 [hobgoblin[Robin] (3)]
  2089 | D:3      | Gained mutation: You are agile. (Dex +2) [potion of mutation]
  2089 | D:3      | Lost mutation: You are agile. (Dex +2) [potion of mutation]
  2089 | D:3      | Gained mutation: Your muscles are strong. (Str +2) [potion of mutation]
  2091 | D:3      | HP: 1/42 [adder (4)]
  2093 | D:3      | Succumbed to an adder's poison

Skill      XL: |  1  2  3  4 |
---------------+-------------+-----
Armour         | 2 3 |  3.5
Axes           | 2 |  2.8
Dodging        | 1 |  1.4
Fighting       | 4 |  4.2
Invocations    | |  2.8

Action                   |  1- 3 |  4- 6 || total
-------------------------+-------+-------++-------
Melee: Hand axe          |   150 |   108 ||   258
Invok: Depart the Abyss  |     1 |       ||     1
  Use: Scroll            |       |     3 ||     3
       Potion            |       |     8 ||     8
  Eat: Chunk             |     2 |     2 ||     4
Armor: Chain mail        |   187 |    86 ||   273
Dodge: Dodged            |    58 |    32 ||    90
